cohdb
Replays
Latest Replays
All Replays
Popular Replays
Top Player Replays
Match Explorer
How It Works
Community
CoH3 Stats
Reddit
Sign in to upload your games and track your stats! →
Sign in with Steam
Match 43676673
Unlisted
Match 43676673
Overview
Messages
Build Orders
End
Kradschützen Motorcycle Team
Selects Panzerjäger Kommand Battlegroup
Panzergrenadier Squad
Panzergrenadier Squad
Panzergrenadier Squad
Construct Light Support Kompanie
Fire Support Elements
Flakvierling Half-track
MG34 Team
Panzerjäger Squad
2.5-tonne Medical Truck
Selects Mine Fields
Selects Tank Busters
Selects Crew Shock Tactics
Construct Panzerarmee Kommand
Armored Reserves
Veteran Squad Leaders
Advanced Field Repairs
Tungsten Core Ammunition
Tiger Heavy Tank
Combat Half-tracks
Panzerpioneer Squad
Panzer IV Assault Group
Selects Elefant Tank Destroyer
Elefant Tank Destroyer
Selects Defensive Positions
DrewP
Dillbro
DungeonMaster
XDwest
0
0
Comments
sign in to comment!
No comments posted yet!